 Dungeon Crawl Stone Soup version 0.29.1-4-g47bece8355 (webtiles) character file.

Game seed: 15799896923931781926

2 vlino77 the Stinger (level 1, 0/11 HPs)
             Began as an Octopode Venom Mage on Dec 7, 2022.
             Slain by an endoplasm (3 damage)
             ... on level 1 of the Dungeon.
             The game lasted 00:00:30 (108 turns).

vlino77 the Stinger (Octopode Venom Mage)            Turns: 108, Time: 00:00:31

Health: 0/11       AC:  1    Str:  7    XL:     1   Next: 30%
Magic:  3/3        EV: 13    Int: 17    God:
Gold:   0          SH:  0    Dex: 12    Spells: 3/4 levels left

rFire   . . .      SeeInvis .   c - +0 whip
rCold   . . .      Faith    .   (no shield)
rNeg    . . .      Spirit   .   (helmet restricted)
rPois   .          Reflect  .   (no amulet)
rElec   .          Harm     .   (no ring)
rCorr   .          Rampage  .   (no ring)
Will    .....                   (no ring)
Stlth   +++.......              (no ring)
HPRegen 0.03/turn               (no ring)
MPRegen 0.08/turn               (no ring)
                                (no ring)
                                (no ring)

@: no status effects
A: almost no armour, amphibious, 8 rings, camouflage 1, gelatinous body 1,
(nimble swimmer 1), tentacles
a: no special abilities


You were on level 1 of the Dungeon.
You visited 1 branch of the dungeon, and saw 1 of its levels.

Inventory:

Hand Weapons
 c - a +0 whip (weapon)
Scrolls
 b - a scroll of teleportation {unknown}
Potions
 a - a potion of magic
 d - a potion of flight {unknown}


   Skills:
 + Level 2.0 Dodging
 + Level 2.6 Stealth
 + Level 2.0 Spellcasting
 + Level 1.1 Transmutations
 + Level 3.7 Poison Magic


You had 3 spell levels left.
You knew the following spells:

 Your Spells              Type           Power      Damage    Failure   Level
a - Sting                 Tmut/Pois      36%        1d4       7%          1

Your spell library contained the following spells:

 Spells                   Type           Power      Damage    Failure   Level
 Poisonous Vapours        Pois/Air       16%        N/A       14%         2
 Mephitic Cloud           Conj/Pois/Air  5%         N/A       34%         3
 Olgreb's Toxic Radiance  Pois           14%        N/A       38%         4


Dungeon Overview and Level Annotations

Branches:
Dungeon (1/15)

Altars:


Innate Abilities, Weirdness & Mutations

You cannot wear most types of armour.
You are amphibious.
You can wear up to eight rings at the same time.
Your skin changes colour to match your surroundings (Stealth+).
Your rubbery body absorbs attacks. (AC +1, EV +1)
((You are camouflaged when in or above water. (Stealth+)))
You have tentacles for arms and can constrict up to eight enemies at once.


Message History

Things that are here:
a +0 whip; a stone; a kobold corpse
c - a +0 whip
c - a +0 whip (weapon)
Found a helmet.
You see here a +0 helmet.
Found a robe.
A quokka comes into view.
Found a stone staircase leading down.
Found a fuming white potion.
Found a fizzy purple potion.
A rat comes into view.
Found a scroll labelled KOSKEXKUYNN.
A rat and an endoplasm come into view.
You see here a fuming white potion.
The quokka completely misses you.
You closely miss the quokka. You grab the quokka.
You constrict the quokka, but do no damage.
The quokka bites you.
You hit the quokka but do no damage.
You constrict the quokka, but do no damage.
The quokka misses you.
You hit the quokka.
The quokka is almost dead.
You constrict the quokka, but do no damage.
The quokka barely misses you. The quokka misses you.
You hit the quokka.
You kill the quokka!
The endoplasm quivers.
You see here a quokka corpse.
You see here a fuming white potion.
There are no items here.
You see here a fuming white potion.
d - a fuming white potion The endoplasm freezes you.
You are frozen.
* * * LOW HITPOINT WARNING * * *
The endoplasm closely misses you. The endoplasm attacks as you move away!
The endoplasm hits you.
You die...

...# ###### ########## ..
...#####..... ........ ...
.........##########..#####...
.......................[.....
...##############............
#### #............ ####
###.......... ...#
#######........... ...#
#....@Jr..†....... ...#
........r.......>... ......
....####............ ..#...
#.. ....#........!. ..#... .
.....#.......... ......
#..............? .#...
#....##.......... .##...
..... ........... .. ...


You could see an endoplasm and 2 rats.

Vanquished Creatures
  A quokka (D:1)
  A kobold (D:1)
2 creatures vanquished.

Notes
Turn   | Place    | Note
-------+----------+-------------------------------------------
     0 | D:1      | vlino77 the Octopode Venom Mage began the quest for the
                  | Orb.
     0 | D:1      | Reached XP level 1. HP: 11/11 MP: 3/3
   108 | D:1      | Slain by an endoplasm

Illustrated notes

Levels and vault maps discovered:
D:1:      mrwooster_arrival_statue, layout_rooms,
          shapermc_ecumenical_altar_mp_vishouse

Action                   || total
-------------------------++-------
Melee: Whip              ||     4
       Unarmed           ||     4
       Constrict         ||     2
Dodge: Dodged            ||     7
